 Dungeon Crawl Stone Soup version 0.21-a0-529-g8c7b3f5 (webtiles) character file.

726 zero the Covert (level 7, -1/32 HPs)
             Began as a Spriggan Enchanter on Dec 10, 2017.
             Killed from afar by an orc wizard (12 damage)
             ... with a puff of frost
             ... on level 4 of the Dungeon.
             The game lasted 00:09:32 (4717 turns).

zero the Covert (Spriggan Enchanter)                Turns: 4717, Time: 00:09:33

Health: -1/32      AC:  2    Str:  4    XL:     7   Next: 44%
Magic:  6/12       EV: 18    Int: 18    God:
Gold:   185        SH:  0    Dex: 17    Spells: 5/11 levels left

rFire    . . .     SeeInvis +   a - +1 dagger
rCold    . . .     Gourm    .   (shield restricted)
rNeg     . . .     Faith    .   b - +0 robe
rPois    .         Spirit   .   (helmet restricted)
rElec    .         Reflect  .   (no cloak)
rCorr    .         Harm     .   (gloves unavailable)
MR       +....                  (boots unavailable)
Stlth    +++++.....             (no amulet)
HPRegen  0.10/turn              (no ring)
MPRegen  0.13/turn              (no ring)

@: very quick
A: very small, unfitting armour, see invisible, herbivore 3, speed 3, slow
metabolism 2
a: no special abilities


You were on level 4 of the Dungeon.
You were not hungry.

You visited 1 branch of the dungeon, and saw 5 of its levels.

You collected 185 gold pieces.

Inventory:

Hand Weapons
 a - a +1 dagger (weapon)
Armour
 b - a +0 robe (worn)
Jewellery
 n - an uncursed amulet of faith {unknown}
Scrolls
 g - a scroll of noise {unknown}
 h - 3 scrolls of remove curse {unknown}
 i - 2 scrolls of identify {unknown}
 m - 2 scrolls of teleportation {unknown}
 o - a scroll of enchant armour {unknown}
 p - a scroll of amnesia {unknown}
Potions
 e - a potion of curing
 f - 2 potions of lignification {unknown}
 j - 4 potions of heal wounds {unknown}
 k - a potion of mutation {unknown}
 l - a potion of might {unknown}
Books
 c - a book of Maledictions

   Spells                             Type                      Level
   a - Corona                         Hexes                        1
   b - Ensorcelled Hibernation        Hexes/Ice                    2
   c - Confuse                        Hexes                        3
   d - Tukima's Dance                 Hexes                        3
   e - Dazzling Spray                 Conjuration/Hexes            3
Comestibles
 d - 2 fruits


   Skills:
 + Level 6.4 Short Blades
 - Level 3.0 Dodging
 + Level 10.0 Stealth
 - Level 2.6 Spellcasting
 - Level 3.6 Hexes


You had 5 spell levels left.
You knew the following spells:

 Your Spells              Type           Power        Failure   Level  Hunger
a - Corona                Hex            ###....      3%          1    #......
b - Ensorcelled Hibernat  Hex/Ice        #.....       12%         2    ##.....
c - Confuse               Hex            ###.....     12%         3    ###....


Dungeon Overview and Level Annotations

Branches:
Dungeon (5/15)
 Temple: D:4-7

Altars:
Ashenzari
Gozag
Xom


Innate Abilities, Weirdness & Mutations

You are very small and have problems with some larger weapons.
You are too small for most types of armour.
You have supernaturally acute eyesight. (SInv)
You are a herbivore.
You cover ground extremely quickly.
You need consume almost no food.


Message History

You swap places.
The orc throws a javelin.
The javelin hits the freed slave.
Something hits the freed slave but does no damage.
The freed slave hits something!
An orc wizard comes into view. It is wielding a dagger.
The orc wizard shouts!
You hear a shout!
The orc wizard shouts!
The orc shouts!
The freed slave closely misses the orc.
The freed slave hits the orc!
The orc dies!
The orc wizard hits you with a dagger.
The freed slave closely misses the orc wizard.
The orc wizard casts a spell.
The orc wizard blinks!
The orc throws a javelin.
The javelin barely misses you.
You hit the orc wizard but do no damage.
The orc wizard completely misses you.
The orc stops glowing.
The orc wizard misses you.
The centaur wields a shortbow.
The centaur shoots an arrow.
The arrow hits the freed slave!
The orc barely misses the freed slave.
The orc wizard points at you and mumbles some strange words.
The puff of frost hits you!
You die...

####.......# #...####.##
###...### ##.....#..###
###.#.####### #..........##.#
#............###.....###o.oop.
#....#######........c....##)..
#....## ####.....###(.ppc#
#.....#### #..(o.##....#..
#........#######o..........†..
#....###....<@..oo..oo........
###### #####....###..#...#....
#.##.....##...#....
............##......##.##
.####..######.......##.## #..#
#..###..... #. ...# #..#
#...## #. .... #..# p..# #.
.... ...# #.## #.


You could see an orc wizard and 4 orcs.

Vanquished Creatures
  Pikel (D:4)
  A centaur skeleton (D:4)
  A jelly (D:4)
  A bullfrog skeleton (D:4)
  2 worker ants (D:4)
  5 adders
  An ooze (D:3)
  A worm (D:3)
  4 dart slugs
  4 leopard geckos
  An orc (D:4)
  A ball python (D:2)
  A giant cockroach (D:1)
  12 hobgoblins
  2 jackals (D:1)
  2 quokkas
  8 bats
  5 frilled lizards
  7 goblins
  10 kobolds
  12 rats
82 creatures vanquished.

Vanquished Creatures (others)
  An orc (D:4)
  A quokka (D:4)
2 creatures vanquished.

Grand Total: 84 creatures vanquished

Notes
Turn   | Place    | Note
-------+----------+-------------------------------------------
     0 | D:1      | zero the Spriggan Enchanter began the quest for the Orb.
     0 | D:1      | Reached XP level 1. HP: 9/9 MP: 5/5
   243 | D:1      | Reached skill level 5 in Stealth
   243 | D:1      | Reached XP level 2. HP: 13/13 MP: 4/6
   967 | D:1      | Reached XP level 3. HP: 11/16 MP: 6/8
  2257 | D:2      | Reached skill level 6 in Stealth
  2421 | D:2      | Learned a level 2 spell: Ensorcelled Hibernation
  2476 | D:2      | Reached XP level 4. HP: 19/21 MP: 6/9
  2503 | D:2      | Learned a level 3 spell: Confuse
  2687 | D:2      | Found a shimmering altar of Xom.
  3637 | D:3      | Found a shattered altar of Ashenzari.
  4136 | D:3      | Found an opulent altar of Gozag.
  4262 | D:4      | Noticed a slave
  4263 | D:4      | Noticed Pikel
  4263 | D:4      | Noticed a slave
  4279 | D:4      | Reached skill level 7 in Stealth
  4279 | D:4      | Reached XP level 5. HP: 24/24 MP: 10/10
  4424 | D:5      | Entered Level 5 of the Dungeon
  4431 | D:4      | Reached skill level 8 in Stealth
  4431 | D:4      | Reached XP level 6. HP: 17/28 MP: 4/11
  4556 | D:4      | Noticed a slave
  4556 | D:4      | Noticed a slave
  4692 | D:4      | Killed Pikel
  4692 | D:4      | Reached skill level 10 in Stealth
  4692 | D:4      | Reached XP level 7. HP: 19/32 MP: 5/12
  4717 | D:4      | Killed from afar by an orc wizard

Vault maps used:
D:1:      lightli_arrival_farm, st_stairs_7
D:2:      lemuel_crystal_altar
D:3:      ashenzari_altar_1, nicolae_overflow_hidden_temple
D:4:      kennysheep_little_box, lemuel_crystal_altar,
          nicolae_ru_sacrificial_ziggurat, uniq_ijyb, uniq_pikel
D:5:      black_bear_nest_2, basic_altar, first_bread, nicolae_sextant,
          uniq_grinder, uniq_blork_the_orc, uniq_menkaure

Skill      XL: |  1  2  3  4  5  6 |
---------------+-------------------+-----
Stealth        | 5 6 7 8 10 | 10.0
Short Blades   | 2 3 4 6 |  6.4
Dodging        | |  3.0
Spellcasting   | |  2.6
Hexes          | |  3.6

Action                   |  1- 3 |  4- 6 |  7- 9 || total
-------------------------+-------+-------+-------++-------
Melee: Dagger            |   210 |    90 |     4 ||   304
 Cast: Corona            |    34 |    15 |     1 ||    50
       Ensorcelled Hiber |       |    13 |       ||    13
  Use: Potion            |       |     1 |       ||     1
 Stab: Sleeping          |    13 |    22 |       ||    35
       Distracted        |     2 |       |       ||     2
  Eat: Bread ration      |       |     1 |       ||     1
Armor: Robe              |    20 |     6 |       ||    26
Dodge: Dodged            |   166 |    56 |     5 ||   227

Table legend:
 A = Spawn XP
 B = Non-spawn XP
 C = Spawn XP percentage of total XP
 D = Spawn monster count
 E = Non-spawn monster count
 F = Spawn count percentage of total count
 G = Total turns spent on level
                    A         B        C        D         E        F      G
               +---------+---------+-------+---------+---------+-------+---------
         Total |       0 |    1038 |   0.0 |       0 |      82 |   0.0 |  4717
               +---------+---------+-------+---------+---------+-------+---------
           D:1 |       0 |      51 |   0.0 |       0 |      29 |   0.0 |  1702
           D:2 |       0 |      62 |   0.0 |       0 |      24 |   0.0 |  1400
           D:3 |       0 |      75 |   0.0 |       0 |      21 |   0.0 |  1230
           D:4 |       0 |     850 |   0.0 |       0 |       8 |   0.0 |   383
               +---------+---------+-------+---------+---------+-------+---------
